AoeStats
← EbLacko22

Arabia

506013305Analyzed
1v1 RM · 21d ago on Sep 12, 2026· 43m 20s· 2 players
Game mode
Random Map
Map size
Tiny (2 player)
Population
200
Speed
Normal
Resources
Standard
Victory
Conquest
Starting age
Dark Age
Ending age
Imperial Age
RankedLock teamsTeams togetherTeam positionsShared explorationLock speedFull tech treeHidden civsTurbo modeCheats
Victory
Defeat
🇨🇷 Romans · Costa Rica
1249
+15
🇲🇽 Persians · Mexico
1228
-15
EbLacko22
6:03 Loom
8:49 Feudal Age
9:14 Double-Bit Axe
18:53 Castle Age
18:27 Bloodlines
18:41 Forging
19:14 Wheelbarrow
21:57 Husbandry
24:00 Fletching
29:16 Bodkin Arrow
30:13 Hand Cart
35:53 Scale Barding Armor
38:40 Town Watch
42:07 Imperial Age
40:16 Masonry
man5351
7:23 Loom
10:20 Feudal Age
11:02 Double-Bit Axe
10:58 Horse Collar
19:48 Castle Age
18:01 Gold Mining
18:33 Forging
19:05 Bloodlines
19:28 Scale Barding Armor
20:51 Wheelbarrow
20:08 Light Cavalry
26:47 Husbandry
27:09 Heavy Plow
38:06 Imperial Age
39:29 Fletching
41:30 Crop Rotation
41:12 Bow Saw
41:59 Iron Casting
Connection lost

Rejoining the realm…

Still unreachable

The connection could not be restored.

Session expired

The server has moved on; the page needs a fresh start.